 Dungeon Crawl Stone Soup version 0.25.1-2-g60ff931df9 (webtiles) character file.

Game seed: 600213348910931334

136 Descartes the Sneak (level 4, 0/22 HPs)
             Began as a Spriggan Warper on Nov 13, 2020.
             Slain by a big kobold
             ... wielding a +0 short sword
              (5 damage)
             ... in a sewer.
             The game lasted 00:04:11 (3442 turns).

Descartes the Sneak (Spriggan Warper)               Turns: 3442, Time: 00:04:11

Health: 0/22       AC:  3    Str:  8    XL:     4   Next: 98%
Magic:  9/9        EV: 18    Int: 14    God:
Gold:   115        SH:  0    Dex: 15    Spells: 8/8 levels left

rFire    . . .     SeeInvis +   a - +0 short sword
rCold    . . .     Gourm    .   (shield restricted)
rNeg     + . .     Faith    .   b - +0 robe
rPois    +         Spirit   .   (helmet restricted)
rElec    .         Reflect  .   j - +0 cloak
rCorr    .         Harm     .   (gloves unavailable)
MR       .....                  (boots unavailable)
Stlth    ++++......             (no amulet)
HPRegen  0.07/turn              p - ring of positive energy
MPRegen  0.11/turn              r - ring of poison resistance

@: very quick
A: very small, unfitting armour, see invisible, herbivore, speed 3, slow
metabolism 2
a: no special abilities


You were in a sewer.
You were hungry.

You visited 1 branch of the dungeon, and saw 3 of its levels.
You also visited: Sewer.

You collected 115 gold pieces.

Inventory:

Hand Weapons
 a - a +0 short sword (weapon)
Missiles
 e - 5 boomerangs of dispersal (quivered)
 g - 70 stones
Armour
 b - a +0 robe (worn)
 j - a +0 cloak (worn)
Jewellery
 p - a ring of positive energy (left hand)
 r - a ring of poison resistance (right hand)
Scrolls
 c - 2 scrolls of teleportation {unknown}
 d - 2 scrolls of blinking
 h - 2 scrolls of identify {unknown}
 k - a scroll of amnesia {unknown}
 l - 2 scrolls of remove curse
 n - a scroll of enchant armour {unknown}
 o - a scroll of fear {unknown}
Potions
 m - a potion of lignification {unknown}
 q - a potion of ambrosia {unknown}
Comestibles
 f - 4 rations


   Skills:
 - Level 1.5 Fighting
 - Level 2.1 Short Blades
 - Level 1.0 Throwing
 - Level 3.5 Dodging
 + Level 7.5 Stealth
 - Level 2.6 Spellcasting
   Level 4.4 Translocations


You had 8 spell levels left.
You didn't know any spells.
Your spell library contained the following spells:

 Spells                   Type           Power        Failure   Level  Hunger
 Blink                    Tloc           N/A          5%          2    ###....
 Gell's Gravitas          Tloc           ##........   11%         3    ###....
 Lesser Beckoning         Tloc           ##........   11%         3    ###....
 Teleport Other           Tloc           ##......     11%         3    ###....
 Shroud of Golubria       Chrm/Tloc      #.....       14%         2    ###....
 Passage of Golubria      Tloc           N/A          36%         4    #####..


Dungeon Overview and Level Annotations

Branches:
Dungeon (3/15)              Sewer (1/1)

Altars:
Fedhas


Innate Abilities, Weirdness & Mutations

You are very small and have problems with some larger weapons.
You are too small for most types of armour.
You have supernaturally acute eyesight. (SInv)
You are a herbivore.
You cover ground extremely quickly.
You need to consume almost no food.


Message History

The big kobold misses you.
You barely miss the big kobold.
The big kobold is moderately wounded.
The big kobold hits you but does no damage.
You miss the big kobold.
The big kobold is moderately wounded.
The big kobold closely misses you.
You barely miss the big kobold.
The big kobold is moderately wounded.
The big kobold misses you.
You miss the big kobold.
The big kobold is moderately wounded.
The big kobold hits you but does no damage.
You hit the big kobold but do no damage.
The big kobold is moderately wounded.
The big kobold barely misses you.
You hit the big kobold.
The big kobold is heavily wounded.
The big kobold hits you with a +0 short sword.
You die...

#≈ #≈#
##≈##
##...##
####...≈.#
≈≈≈≈≈..≈.#
####..≈..#
##...##
##.## #@#
#K# ##K#
#.(#
#.?≈.#
#≈?..##
##....
#.#### ##


You could see a big kobold and a kobold.

Vanquished Creatures
  6 adders
  A river rat (Sewer)
  3 oozes
  A worm (D:2)
  A dart slug (D:1)
  2 leopard geckos
  3 bats
  9 giant cockroaches
  5 goblins
  6 hobgoblins
  4 jackals (D:2)
  4 frilled lizards
  4 kobolds
  5 rats
54 creatures vanquished.

Notes
Turn   | Place    | Note
-------+----------+-------------------------------------------
     0 | D:1      | Descartes the Spriggan Warper began the quest for the Orb.
     0 | D:1      | Reached XP level 1. HP: 10/10 MP: 5/5
   160 | D:1      | Reached skill level 1 in Stealth
   222 | D:1      | Reached skill level 2 in Stealth
   261 | D:1      | Reached XP level 2. HP: 14/14 MP: 6/6
   263 | D:1      | Reached skill level 3 in Stealth
   595 | D:1      | Reached skill level 4 in Stealth
   998 | D:1      | Reached XP level 3. HP: 18/18 MP: 8/8
  1498 | D:2      | Reached skill level 5 in Stealth
  2043 | D:2      | Reached skill level 6 in Stealth
  2043 | D:2      | Reached XP level 4. HP: 18/22 MP: 9/9
  2105 | D:2      | Found a blossoming altar of Fedhas.
  3021 | D:3      | Reached skill level 7 in Stealth
  3040 | D:3      | Found a glowing drain.
  3080 | Sewer    | Entered a sewer
  3155 | Sewer    | HP: 1/22 [adder (3)]
  3406 | Sewer    | Noticed a big kobold
  3442 | Sewer    | Slain by a big kobold

Illustrated notes

Levels and vault maps discovered:
D:1:      ncdulo_wetmaze, layout_basic
D:2:      layout_basic, fedhas_altar_fruit_tree
D:3:      layout_loops_ring, lemuel_round_altar, first_ration,
          gup_sewer_entry_pipe
Sewer:    sewer_co_15_rooms

Skill      XL: |  1  2  3  4 |
---------------+-------------+-----
Stealth        | 2 4 6 7 |  7.5
Fighting       | |  1.5
Short Blades   | |  2.1
Throwing       | |  1.0
Dodging        | |  3.5
Spellcasting   | |  2.6
Translocations | |  4.4

Action                   |  1- 3 |  4- 6 || total
-------------------------+-------+-------++-------
Melee: Short sword       |   147 |   156 ||   303
  Use: Potion            |       |     3 ||     3
       Scroll            |       |     1 ||     1
 Stab: Sleeping          |    10 |     2 ||    12
Armor: Robe              |    19 |    14 ||    33
Dodge: Dodged            |   122 |   133 ||   255
